 Dungeon Crawl Stone Soup version 0.31-a0-672-g7da72447bb (webtiles) character file.

Game seed: 17578640235833871144

744 Dordric the Changeling (level 7, -2/43 HPs)
             Began as an Octopode Shapeshifter on Sept 4, 2023.
             Was an Initiate of Trog.
             Slain by a phantom (5 damage)
             ... on level 6 of the Dungeon.
             The game lasted 00:06:44 (4607 turns).

Dordric the Changeling (Octopode Shapeshifter)      Turns: 4607, Time: 00:06:44

Health: -2/43      AC:  1    Str: 15    XL:     7   Next: 76%
Magic:  7/7        EV: 13    Int: 12    God:    Trog [......]
Gold:   206        SH:  0    Dex: 12    Spells: 6/6 levels left

rFire   . .          .
                       - Unarmed
rCold   . . .        (shield currently unavailable)
rNeg    . . .        (helmet restricted)
rPois   .            (no amulet)
rElec   .            (no ring)
rCorr   .            (no ring)
SInv    .            (no ring)
Will    .....        (no ring)
Stlth   +            (no ring)
HPRegen 0.27/turn    (no ring)
MPRegen 0.10/turn    (no ring)
                     (no ring)

%: no passive effects
@: flux-form, slowed, glowing, very slow
A: glow, contaminating, almost no armour, amphibious, 8 rings, camouflage 1,
gelatinous body 1, (nimble swimmer 1), tentacles
a: Begin Untransformation, Renounce Religion


You were on level 6 of the Dungeon.
You worshipped Trog.
Trog was noncommittal.
You were something dangerously unstable.
You visited 2 branches of the dungeon, and saw 7 of its levels.

You collected 206 gold pieces.

Inventory:

Hand Weapons
 e - a +3 dagger of speed
Armour
 o - an orb of mayhem
Talismans
 b - a beast talisman
 c - a flux talisman (active)
Wands
 s - a wand of flame (26)
Scrolls
 h - 6 scrolls of teleportation
 i - a scroll of blinking {unknown}
 j - 4 scrolls of amnesia
 m - 2 scrolls of identify
 t - 3 scrolls of vulnerability
Potions
 a - a potion of lignification
 d - 3 potions of curing {unknown}
 f - 3 potions of heal wounds {unknown}
 g - a potion of brilliance {unknown}
 k - a potion of berserk rage {unknown}
 l - 2 potions of resistance {unknown}
 n - a potion of cancellation {unknown}
 p - 2 potions of enlightenment {unknown}
 q - a potion of attraction {unknown}
 r - 2 potions of haste {unknown}


   Skills:
 - Level 1.1 Fighting
 - Level 2.0 Dodging
 + Level 5.2 Unarmed Combat
 + Level 7.1 Shapeshifting


You had 6 spell levels left.
You didn't know any spells.
Your spell library contained the following spells:

 Spells                   Type           Power      Damage    Failure   Level
 Sandblast                Erth           0%         2d4       32%         1
 Passwall                 Tmut/Erth      0%         N/A       45%         2
 Stone Arrow              Conj/Erth      0%         3d7       69%         3


Dungeon Overview and Level Annotations

Branches:
Dungeon (6/15)             Temple (1/1) D:5

Altars:
Cheibriados
Dithmenos
Elyvilon
Fedhas
Gozag
Hepliaklqana
Makhleb
Nemelex Xobeh
Qazlal
Ru
Sif Muna
Trog
Vehumet
Xom
Yredelemnul
Zin

Shops:
D:1 ?   D:2 ?([?


Innate Abilities, Weirdness & Mutations

You are something dangerously unstable.
You glow with magical radiation, making you easy to see and hit.
Foes you strike become dangerously contaminated with magical radiation.
You are incapable of wielding weapons or throwing items.
You cannot wear most types of armour.
You are amphibious.
You can wear up to eight rings at the same time.
Your skin changes colour to match your surroundings (Stealth+).
Your rubbery body absorbs attacks. (AC +1, EV +1)
((You are camouflaged when in or above water. (Stealth+)))
You have tentacles for arms and can constrict up to eight enemies at once.


Message History

You tentacle-slap the kobold.
You kill the kobold!
Trog accepts your kill.
You feel sick.
You closely miss the kobold. You grab the kobold. You constrict the kobold.
You kill the kobold!
Trog accepts your kill.
You feel sick.
You are no longer poisoned.
You tentacle-slap the kobold brigand.
The kobold brigand begins to glow.
You grab the kobold brigand. You squeeze the kobold brigand.
The kobold brigand is moderately wounded.
You constrict the kobold brigand, but do no damage.
The kobold brigand struggles to escape constriction.
You tentacle-slap the kobold brigand but do no damage.
The kobold brigand glows dangerously bright.
You squeeze the kobold brigand.
The kobold brigand is heavily wounded.
You constrict the kobold brigand. The kobold brigand barely misses you.
You tentacle-slap the kobold brigand.
The kobold brigand shudders as magic cascades through it!
The kobold brigand twists and deforms.
The kobold brigand is almost dead.
You constrict the kobold brigand.
You kill the kobold brigand!
Trog accepts your kill. The phantom hits you.
* * * LOW HITPOINT WARNING * * *
You tentacle-slap the phantom.
The phantom begins to glow.
You squeeze the phantom.
The phantom is moderately damaged.
The phantom hits you.
* * * LOW HITPOINT WARNING * * *
The phantom blinks!
You blink.
Okay, then.
You tentacle-slap the phantom but do no damage.
The phantom glows dangerously bright.
Your squeeze misses the phantom.
The phantom is moderately damaged.
The phantom barely misses you. The phantom hits you.
You die...

######## #
####......########.####
...'..........##B.....#
####......#....#.W..."#
#......#....#.......#
#......#....#.......#
#......#....#K......#
########....#.......#
###..ยง.#####.# ####.#
.# .#


You could see a phantom (heavy contam) and a kobold.

Vanquished Creatures
  A water moccasin (D:5)
  A black bear (D:5)
  An ice beast (D:5)
  A phantom (D:5)
  A kobold brigand (D:6)
  A scorpion (D:4)
  A jelly (D:4)
  Jessica (D:2)
  2 gnolls
  6 adders
  A river rat (D:3)
  An ufetubus (D:5)
  2 worms (D:3)
  A dart slug (D:1)
  10 orcs
  5 ball pythons
  7 endoplasms
  3 giant cockroaches
  3 goblins
  9 hobgoblins
  6 jackals (D:3)
  13 kobolds
  3 quokkas
  6 bats
  6 frilled lizards
  9 rats
101 creatures vanquished.

Notes
Turn   | Place    | Note
-------+----------+-------------------------------------------
     0 | D:1      | Dordric the Octopode Shapeshifter began the quest for the
                  | Orb.
     0 | D:1      | Reached XP level 1. HP: 13/13 MP: 1/1
   282 | D:1      | Reached XP level 2. HP: 18/18 MP: 2/2
   647 | D:1      | Reached XP level 3. HP: 21/23 MP: 3/3
   723 | D:1      | Reached skill level 4 in Shapeshifting
   808 | D:1      | Found Riveqix's Magic Scroll Shop.
   923 | D:2      | Found Besutwe's Armour Emporium.
  1008 | D:2      | Found Pyuhuirgh's Magic Scroll Shoppe.
  1284 | D:2      | Found Tyohi's Antique Armour Shop.
  1300 | D:2      | Found a faded altar of an unknown god.
  1348 | D:2      | Found Benat's Magic Scroll Emporium.
  1360 | D:2      | Noticed Jessica
  1375 | D:2      | Killed Jessica
  1376 | D:2      | Reached XP level 4. HP: 28/28 MP: 4/4
  1404 | D:2      | Found Enixorul's Weapon Emporium.
  1788 | D:3      | Reached skill level 5 in Shapeshifting
  1997 | D:3      | Reached XP level 5. HP: 32/33 MP: 5/5
  2889 | D:4      | Reached skill level 6 in Shapeshifting
  2889 | D:4      | Reached XP level 6. HP: 28/38 MP: 6/6
  3511 | D:5      | Entered Level 5 of the Dungeon
  3512 | D:5      | Found a staircase to the Ecumenical Temple.
  3550 | Temple   | Entered the Ecumenical Temple
  3609 | Temple   | Became a worshipper of Trog the Wrathful
  3706 | D:5      | Noticed an ice beast
  3721 | D:5      | Killed an ice beast
  3877 | D:5      | Noticed a water moccasin
  3893 | D:5      | Killed a water moccasin
  3894 | D:5      | Reached skill level 7 in Shapeshifting
  3894 | D:5      | Reached XP level 7. HP: 14/43 MP: 7/7
  4162 | D:5      | Reached skill level 5 in Unarmed Combat
  4606 | D:6      | HP: 2/43 [phantom (6)]
  4607 | D:6      | Slain by a phantom

Illustrated notes

Levels and vault maps discovered:
D:1:      dpeg_arrival_renting, layout_basic, serial_shops, shop
D:2:      layout_basic, hellmonk_ecumenical_altar_lost_god, serial_shops,
          nicolae_shop_tiny_statue_garden, nicolae_shop_peninsula,
          nicolae_shop_statue_plus, nicolae_shop_bloodbath_and_beyond,
          nicolae_diamond_shop, uniq_jessica
D:3:      layout_rooms, lightli_sewer_entry_pipes
D:4:      layout_basic, serial_bayou_lagoon_a
D:5:      layout_loops_cross, minmay_temple_entry_statues_pillars
D:6:      layout_basic, gammafunk_ghost_grave, dilly_guarded_unrand_morg,
          uniq_blork_the_orc
Temple:   kb_temple_of_zot

Skill      XL: |  1  2  3  4  5  6  7 |
---------------+----------------------+-----
Shapeshifting  | 4 5 6 7 |  7.1
Unarmed Combat | 5 |  5.2
Fighting       | |  1.1
Dodging        | |  2.0

Action                     |  1- 3 |  4- 6 |  7- 9 || total
---------------------------+-------+-------+-------++-------
  Melee: Unarmed           |    19 |       |    25 ||    44
         Constrict         |    19 |    32 |     7 ||    58
         Dagger            |    75 |   116 |       ||   191
         Tentacles         |    12 |    30 |     8 ||    50
         Punch             |     5 |     3 |       ||     8
  Evoke: Wand              |       |     4 |       ||     4
    Use: Scroll            |       |     9 |       ||     9
   Stab: Sleeping          |     9 |     4 |       ||    13
 Armour: Skin              |    31 |    36 |    14 ||    81
  Dodge: Dodged            |    47 |    49 |    13 ||   109
   Form: Flux              |       |       |     1 ||     1

Table legend: (Time is in decaauts)
 A = Elapsed time spent in this place.
 B = Non-inter-level travel time spent in this place.
 C = Inter-level travel time spent in this place.
 D = Time resting spent in this place.
 E = Time spent auto-exploring this place.
 F = Levels seen in this place.
 G = Mean time per level.
                   A        B        C        D        E       F      G
               +--------+--------+--------+--------+--------+-----+--------+
         Total |   4544 |   4367 |    177 |    523 |   3021 |   7 |  649.1 |
       Dungeon |   4458 |   4328 |    130 |    523 |   3021 |   6 |  743.0 |
        Temple |     85 |     38 |     47 |      0 |      0 |   1 |   85.0 |
               +--------+--------+--------+--------+--------+-----+--------+

Top non-repeatable levels by time:
     D:2: 1026 daAuts
     D:1: 903 daAuts
     D:5: 871 daAuts
     D:4: 791 daAuts
     D:3: 735 daAuts
     D:6: 129 daAuts
  Temple: 85 daAuts
